 Dungeon Crawl Stone Soup version 0.28.0-53-g5a82cb258f (webtiles) character file.

Game seed: 9371857739666189690

3430 MiltankisOP the Destroyer (level 10, -1/54 HPs)
             Began as a Tengu Hedge Wizard on July 12, 2022.
             Was a Plaything of Xom.
             Killed from afar by an electric eel (8 damage)
             ... with a bolt of electricity
             ... on level 8 of the Dungeon.
             The game lasted 00:30:24 (10643 turns).

MiltankisOP the Destroyer (Tengu Hedge Wizard)     Turns: 10643, Time: 00:30:25

Health: -1/54      AC:  4    Str:  9 (10) XL:     10   Next: 5%
Magic:  9/17       EV: 16    Int: 19      God:    Xom [.....*]
Gold:   270        SH:  0    Dex: 14 (16) Spells: 8/17 levels left

rFire   . . .      SeeInvis +   a - +0 dagger
rCold   . . .      Faith    .   (no shield)
rNeg    . . .      Spirit   .   b - +0 robe
rPois   .          Reflect  .   c - +0 hat
rElec   .          Harm     .   (no cloak)
rCorr   .          Rampage  .   (no gloves)
Will    .....                   (boots unavailable)
Stlth   ++........              j - amulet of regeneration
HPRegen 0.98/turn               e - ring of see invisible
MPRegen 0.15/turn               (no ring)

@: flying quickly and evasively, quick
A: beak, talons 3, nimble flight, iridescent scales 1, see invisible, agile 1,
frail 1
a: Renounce Religion


You were on level 8 of the Dungeon.
You worshipped Xom.
You were Xom's teddy bear.
You visited 2 branches of the dungeon, and saw 9 of its levels.
You also visited: Ossuary.

You collected 270 gold pieces.

Inventory:

Hand Weapons
 a - a +0 dagger (weapon)
Missiles
 t - a throwing net
Armour
 b - a +0 robe (worn)
 c - a +0 hat (worn)
Jewellery
 e - a ring of see invisible (left hand)
 j - an amulet of regeneration (around neck)
Wands
 s - a wand of iceblast (10)
 y - a wand of digging (5)
 A - a wand of charming (12)
Scrolls
 h - a scroll of amnesia {unknown}
 i - a scroll of summoning {unknown}
 l - a scroll of acquirement {unknown}
 m - a scroll of fog {unknown}
 p - a scroll of teleportation {unknown}
 r - a scroll of magic mapping {unknown}
 w - 2 scrolls of noise {unknown}
 x - a scroll of enchant armour {unknown}
 z - 3 scrolls of identify
 B - a scroll of vulnerability {unknown}
Potions
 f - 7 potions of curing {unknown}
 g - 3 potions of attraction
 k - a potion of lignification {unknown}
 n - 4 potions of mutation {unknown}
 o - 2 potions of degeneration {unknown}
 q - 2 potions of might {unknown}
 u - a potion of invisibility {unknown}
 v - 3 potions of berserk rage {unknown}
 C - 2 potions of resistance {unknown}


   Skills:
 - Level 5.6 Fighting
 - Level 4.3 Short Blades
 + Level 4.4 Dodging
 - Level 2.0 Stealth
 - Level 4.2 Spellcasting
 - Level 8.2 Conjurations
 - Level 4.0 Summonings
 - Level 0.7 Translocations
 - Level 5.0 Fire Magic
 - Level 6.8 Air Magic
 - Level 4.0 Poison Magic


You had 8 spell levels left.
You knew the following spells:

 Your Spells              Type           Power      Damage    Failure   Level
a - Magic Dart            Conj           100%       1d8       1%          1
b - Call Imp              Summ           19%        N/A       4%          2
c - Mephitic Cloud        Conj/Pois/Air  28%        N/A       3%          3
d - Conjure Flame         Conj/Fire      29%        6-21      2%          3

Your spell library contained the following spells:

 Spells                   Type           Power      Damage    Failure   Level
 Slow                     Hex            12%        N/A       14%         1
 Blink                    Tloc           12%        N/A       16%         2
 Confusing Touch          Hex            3%         N/A       38%         3
 Animate Armour           Summ/Erth      22%        N/A       52%         4
 Blade Hands              Tmut           1%         N/A       98%         5
 Yara's Violent Unravell  Hex/Tmut       1%         3d3       98%         5
 Iron Shot                Conj/Erth      9%         9d3       98%         6
 Enfeeble                 Hex            1%         N/A       100%        7


Dungeon Overview and Level Annotations

Branches:
Dungeon (8/15)             Temple (1/1) D:4         Ossuary (visited)
   Lair: D:8-11

Altars:
Ashenzari
Cheibriados
Dithmenos
Elyvilon
Fedhas
Gozag
Hepliaklqana
Kikubaaqudgha
Makhleb
Okawaru
Qazlal
Ru
Sif Muna
Trog
Uskayaw
Vehumet
Wu Jian
Xom
Yredelemnul
Zin
The Shining One

Shops:
D:6 **


Innate Abilities, Weirdness & Mutations

You have a beak for a mouth.
You have claws for feet.
Your magical nature lets you fly swiftly and evasively.
You are partially covered in iridescent scales. (AC +2)
You have supernaturally acute eyesight. (SInv)
You are agile. (Dex +2)
You are frail. (-10% HP)


Message History

Confirm with . or Enter, or press ? or * to list all spells.
Aiming: Magic Dart (safe; 1% risk of failure)
Press: ? - help, Shift-Dir - straight line, f/p - killer bee zombie
Aim: a killer bee zombie (heavily damaged, 100% to hit)
The magic dart hits the killer bee zombie!
The killer bee zombie is almost destroyed.
Xom decides to shift things around a little.
The wolf blinks!
The killer bee zombie blinks!
The gnoll sergeant blinks!
You are now Xom's teddy bear.
Casting: Magic Dart (safe; 1% risk of failure)
Confirm with . or Enter, or press ? or * to list all spells.
Aiming: Magic Dart (safe; 1% risk of failure)
Press: ? - help, Shift-Dir - straight line, f/p - killer bee zombie
Aim: a killer bee zombie (almost destroyed, 100% to hit)
The magic dart hits the killer bee zombie.
The killer bee zombie is almost destroyed.
Casting: Magic Dart (safe; 1% risk of failure)
Confirm with . or Enter, or press ? or * to list all spells.
Aiming: Magic Dart (safe; 1% risk of failure)
Press: ? - help, Shift-Dir - straight line, f/p - killer bee zombie
Aim: a killer bee zombie (almost destroyed, 100% to hit)
The magic dart hits the killer bee zombie!
You destroy the killer bee zombie!
Casting: Magic Dart (safe; 1% risk of failure)
Confirm with . or Enter, or press ? or * to list all spells.
Aiming: Magic Dart (safe; 1% risk of failure)
Press: ? - help, Shift-Dir - straight line, f - gnoll sergeant
Aim: a gnoll sergeant, wielding a +0 trident and wearing a +0 ring mail (severely wounded, confused, 100% to hit)
The magic dart hits the gnoll sergeant but does no damage.
The gnoll sergeant is severely wounded.
The electric eel shoots out a bolt of lightning at you!
The bolt of electricity hits you.
* * * LOW HITPOINT WARNING * * *
A wolf comes into view.
The wolf bites you but does no damage. The gnoll sergeant closely misses you.
The gnoll sergeant hits itself with a +0 trident.
The electric eel shoots out a bolt of lightning at you!
The bolt of electricity hits you!
You die...
Xom cackles wildly!

≈≈≈≈≈≈....(..$... ...
.≈≈≈≈≈....).h #T.# ....
≈≈≈≈≈≈≈.....# #..#.....
..≈≈≈≈......###..#.....
.≈≈≈.......#..).....!.
...........#...g......
#.......#..<..#####
.#####.gh............#
.......@.###....≈≈...#
..≈≈≈≈≈≈.......≈≈≈...#
...≈≈≈≈≈.....≈S≈≈≈...#
....≈≈≈≈.....≈≈≈≈....#
....≈≈≈..#.............
.....≈...#...........#.
.........###.........#
.........# #.........


You could see a gnoll sergeant (confused), 2 wolves and an electric eel.

Vanquished Creatures
  Pikel (D:4)
  Grinder (D:5)
  Sigmund (D:5)
  A wyvern (D:7)
  Edmund (D:5)
  A black bear (D:5)
  Duvessa (D:5)
  An ice beast (D:7)
  A hornet zombie (D:7)
  3 ogres
  A necrophage (D:6)
  3 centaurs
  2 elf zombies (Ossuary)
  A bullfrog (D:6)
  A scorpion (D:6)
  A water moccasin skeleton (D:5)
  Dowan (D:5)
  2 bullfrog zombies
  6 centaur zombies (Ossuary)
  A centaur skeleton (D:4)
  2 human zombies (Ossuary)
  2 jellies
  Crazy Yiuf (D:5)
  A scorpion zombie (D:5)
  2 orc wizards (D:7)
  A killer bee zombie (D:8)
  3 mummies (Ossuary)
  4 adders
  2 shadow imps (D:7)
  An adder zombie (D:5)
  An adder skeleton (D:4)
  4 worms
  5 dart slugs
  3 orcs
  4 endoplasms
  2 giant cockroaches
  7 hobgoblins
  7 jackals
  9 kobolds
  4 quokkas
  7 ball pythons
  5 bats
  5 frilled lizards
  8 goblins
  11 rats
132 creatures vanquished.

Vanquished Creatures (collateral kills)
  A water moccasin (D:5)
  An ogre (D:5)
  A scorpion (D:4)
  An elf zombie (Ossuary)
  A centaur zombie (Ossuary)
  An adder (D:5)
  An orc (D:7)
7 creatures vanquished.

Vanquished Creatures (others)
  2 gnolls (D:8)
2 creatures vanquished.

Grand Total: 141 creatures vanquished

Notes
Turn   | Place    | Note
-------+----------+-------------------------------------------
     0 | D:1      | MiltankisOP the Tengu Hedge Wizard began the quest for the
                  | Orb.
     0 | D:1      | Reached XP level 1. HP: 10/10 MP: 5/5
   468 | D:1      | Reached XP level 2. HP: 15/15 MP: 7/7
   517 | D:1      | Reached skill level 2 in Conjurations
   818 | D:1      | Found a faded altar of an unknown god.
  1075 | D:1      | Reached XP level 3. HP: 19/19 MP: 5/8
  1637 | D:2      | Reached skill level 3 in Conjurations
  1648 | D:2      | Reached XP level 4. HP: 24/24 MP: 2/10
  2338 | D:3      | Learned a level 2 spell: Call Imp
  3880 | D:4      | Gained mutation: Your magical nature lets you fly swiftly
                  | and evasively. [Tengu growth]
  3880 | D:4      | Reached XP level 5. HP: 28/28 MP: 6/11
  4130 | D:4      | Noticed an ogre
  4294 | D:4      | Killed an ogre
  4295 | D:4      | Reached skill level 4 in Conjurations
  4431 | D:4      | Reached XP level 6. HP: 24/32 MP: 5/13
  4512 | D:4      | Reached skill level 1 in Air Magic
  4659 | D:4      | Reached skill level 1 in Poison Magic
  4940 | D:4      | Reached skill level 5 in Conjurations
  5115 | D:4      | Found a staircase to the Ecumenical Temple.
  5140 | D:4      | Reached XP level 7. HP: 36/36 MP: 6/14
  5154 | Temple   | Entered the Ecumenical Temple
  5525 | Temple   | Became a worshipper of Xom the Capricious
  5618 | D:4      | Noticed Pikel
  5637 | D:4      | Learned a level 3 spell: Mephitic Cloud
  5662 | D:4      | Killed Pikel
  5663 | D:4      | Reached skill level 6 in Conjurations
  5663 | D:4      | Reached XP level 8. HP: 29/41 MP: 8/15
  5885 | D:4      | XOM: divination: detect items
  6111 | D:5      | Entered Level 5 of the Dungeon
  6143 | D:5      | XOM: summons friendly shadow imp
  6149 | D:5      | Reached skill level 5 in Air Magic
  6249 | D:5      | Noticed Sigmund
  6258 | D:5      | Killed Sigmund
  6259 | D:5      | Reached skill level 1 in Short Blades
  6259 | D:5      | Reached skill level 7 in Conjurations
  6384 | D:5      | Noticed Grinder
  6384 | D:5      | XOM: 8-stop teleportation journey
  6405 | D:5      | XOM: divination: detect items
  6428 | D:5      | Paralysed by Grinder for 3 turns
  6460 | D:5      | Killed Grinder
  6461 | D:5      | Reached skill level 1 in Fire Magic
  6567 | D:5      | XOM: divination: detect creatures
  6702 | D:5      | XOM: give mutations
  6702 | D:5      | Gained mutation: You are partially covered in iridescent
                  | scales. (AC +2) [Xom's mischief]
  6702 | D:5      | Gained mutation: You are frail. (-10% HP) [Xom's mischief]
  6702 | D:5      | Gained mutation: You expend magic power (3 MP) to
                  | strengthen your wands. [Xom's mischief]
  6702 | D:5      | Lost mutation: You expend magic power (3 MP) to strengthen
                  | your wands. [Xom's mischief]
  6707 | D:5      | XOM: give mutations
  6707 | D:5      | Gained mutation: You are agile. (Dex +2) [Xom's mischief]
  6707 | D:5      | Gained mutation: You have supernaturally acute eyesight.
                  | (SInv) [Xom's mischief]
  7148 | D:5      | XOM: draining
  7190 | D:5      | XOM: divination: detect creatures
  7489 | D:5      | Noticed Duvessa
  7489 | D:5      | Noticed Dowan
  7490 | D:5      | Noticed Edmund
  7530 | D:5      | Killed Duvessa
  7531 | D:5      | Reached skill level 8 in Conjurations
  7531 | D:5      | Reached XP level 9. HP: 39/40 MP: 4/16
  7531 | D:5      | XOM: butterfly on damage
  7579 | D:5      | Killed Dowan
  7586 | D:5      | Learned a level 3 spell: Conjure Flame
  7639 | D:5      | XOM: god gift: 21 bolts
  7801 | D:5      | Killed Edmund
  7905 | D:5      | Found a runed translucent door.
  7906 | D:5      | Noticed Crazy Yiuf
  7914 | D:5      | Killed Crazy Yiuf
  7919 | D:5      | Identified the +6 mace "Musiolow" {vorpal, *Corrode rN+
                  | Will+}
  8110 | D:6      | XOM: fake destruction
  8115 | D:6      | Reached skill level 1 in Fighting
  8306 | D:6      | Found Ijuuh's Assorted Antiques.
  8425 | D:6      | Found Orarchica's Overcharged Wands.
  8425 | D:6      | XOM: divination: detect items
  8653 | D:7      | Found a sand-covered staircase.
  8661 | Ossuary  | Entered an ossuary
  8669 | Ossuary  | XOM: summons 8 friendly demons
  8712 | Ossuary  | Reached skill level 5 in Fire Magic
  8713 | Ossuary  | XOM: cloud trail
  8730 | Ossuary  | XOM: divination: magic mapping
  9131 | Ossuary  | XOM: torment (24/46 hp)
  9424 | D:7      | Reached skill level 5 in Fighting
  9467 | D:7      | XOM: summons 4 hostile demons
  9574 | D:7      | XOM: divination: detect creatures
  9861 | D:7      | XOM: noise
  9945 | D:7      | XOM: cloud trail
 10044 | D:7      | Reached XP level 10. HP: 50/54 MP: 9/17
 10539 | D:8      | XOM: stat loss: -1 Str (9/10)
 10539 | D:8      | Noticed a green ugly thing
 10541 | D:8      | XOM: blink monster(s)
 10547 | D:8      | XOM: cast spell 'Alistair's Intoxication'
 10638 | D:8      | XOM: blink monster(s)
 10643 | D:8      | Killed from afar by an electric eel

Illustrated notes

Levels and vault maps discovered:
D:1:      amcnicky_arrival_blooded_trapdoor, layout_basic,
          hellmonk_ecumenical_altar_leap_of_faith, roderic_serpentine_path,
          minmay_pentomino_x4
D:2:      layout_basic, fountainhead, minmay_misc_feat_tiny,
          minmay_misc_feat_pillars, hex_intersection
D:3:      layout_basic, kennysheep_generic_room_11
D:4:      kennysheep_six_static_rooms, layout_basic,
          minmay_temple_entry_statues_pillars, kennysheep_path_1, st_stairs_13,
          kennysheep_generic_room_8, uniq_pikel
D:5:      layout_basic, uniq_sigmund, uniq_duvessa, uniq_crazy_yiuf_cottage,
          uniq_grinder, uniq_edmund
D:6:      layout_rooms, serial_shops, nicolae_shop_overgrown_old_shop,
          nicolae_shop_overcharged_wands
D:7:      layout_loops_ring, lightli_ossuary_entry_decrepit_ruins
D:8:      layout_basic, erik_lair_island
Temple:   minmay_crystal_snake_temple

Skill      XL: |  1  2  3  4  5  6  7  8  9 10 |
---------------+-------------------------------+-----
Conjurations   | 2 3 4 5 6 8 |  8.2
Summonings     | 2 3 4 |  4.0
Spellcasting   | 4 |  4.2
Air Magic      | 2 4 6 |  6.8
Poison Magic   | 2 3 4 |  4.0
Short Blades   | 3 4 |  4.3
Fire Magic     | 2 5 |  5.0
Fighting       | 5 |  5.6
Dodging        | 3 4 |  4.4
Stealth        | |  2.0
Translocations | |  0.7

Action                   |  1- 3 |  4- 6 |  7- 9 | 10-12 || total
-------------------------+-------+-------+-------+-------++-------
Melee: Dagger            |     6 |     2 |    82 |     4 ||    94
       Kick              |     3 |     1 |    33 |     3 ||    40
       Peck              |       |       |    25 |       ||    25
       Punch             |       |       |     1 |       ||     1
 Cast: Magic Dart        |    83 |   199 |   229 |    10 ||   521
       Call Imp          |       |     2 |    10 |     1 ||    13
       Mephitic Cloud    |       |       |    11 |     4 ||    15
       Conjure Flame     |       |       |    14 |     1 ||    15
  Use: Scroll            |       |       |     4 |     1 ||     5
 Stab: Sleeping          |     1 |       |       |       ||     1
       Confused          |       |       |     6 |     2 ||     8
Armor: Robe              |     7 |     8 |    54 |     3 ||    72
Dodge: Dodged            |    10 |    36 |   149 |    18 ||   213
